 Dungeon Crawl Stone Soup version 0.31-a0-232-gb1c03b2570 (webtiles) character file.

Game seed: 13811998338035308252

147 qw the Shooter (level 5, 0/45 HPs)
             Began as a Minotaur Hexslinger on July 7, 2023.
             Was an Initiate of Okawaru.
             Succumbed to a scorpion's poison
             ... on level 4 of the Dungeon.
             The game lasted 00:00:50 (2453 turns).

qw the Shooter (Minotaur Hexslinger)                Turns: 2453, Time: 00:00:51

Health: 0/45       AC: 11    Str: 13    XL:     5   Next: 7%
Magic:  5/5        EV: 11    Int: 10    God:    Okawaru [......]
Gold:   120        SH:  0    Dex: 14    Spells: 5/6 levels left

rFire   . . .        i - +0 orcbow
rCold   . . .        (shield currently unavailable)
rNeg    . . .        l - +0 ring mail
rPois   +            (helmet restricted)
rElec   .            f - +0 cloak
rCorr   .            j - +0 pair of gloves
SInv    .            (no boots)
Will    .....        (no amulet)
Stlth   +            b - +4 ring of protection
HPRegen 0.27/turn    a - ring of poison resistance
MPRegen 0.09/turn

%: no passive effects
@: lethally poisoned (0 -> -1)
A: horns 2, retaliatory headbutt, hooves 1, robust 1
a: Renounce Religion


You were on level 4 of the Dungeon.
You worshipped Okawaru.
Okawaru was noncommittal.
You visited 1 branch of the dungeon, and saw 4 of its levels.

You collected 185 gold pieces.
You spent 65 gold pieces at shops.


Innate Abilities, Weirdness & Mutations

You have a pair of horns on your head.
You reflexively headbutt those who attack you in melee.
You have large cloven feet.
You are robust. (+10% HP)


   Skills:
 + Level 2.1 Fighting
 - Level 5.4 Ranged Weapons
 - Level 1.0 Armour
 - Level 2.1 Dodging
 - Level 1.0 Spellcasting
 - Level 2.0 Hexes


You had 5 spell levels left.
You knew the following spells:

 Your Spells              Type           Power      Damage    Failure   Level
a - Slow                  Hex            16%        N/A       32%         1

Your spell library contained the following spells:

 Spells                   Type           Power      Damage    Failure   Level
 Inner Flame              Hex/Fire       2%         N/A       82%         3
 Portal Projectile        Hex/Tloc       4%         N/A       82%         3
 Cause Fear               Hex            2%         N/A       97%         4

Inventory:

Hand Weapons
 i - a +0 orcbow (weapon)
Armour
 f - a +0 cloak (worn)
 j - a +0 pair of gloves (worn)
 l - a +0 ring mail (worn)
Jewellery
 a - a ring of poison resistance (right hand)
 b - a +4 ring of protection (left hand)
 c - a ring of willpower
 h - a ring of resist corrosion
 k - a ring of positive energy
Scrolls
 d - 4 scrolls of identify
Potions
 e - a potion of might
 g - a potion of mutation

Dungeon Overview and Level Annotations

Branches:
Dungeon (4/15)
 Temple: D:4-7

Altars:
Okawaru

Shops:
D:1 (?*


Message History

The ball python is moderately wounded.
You feel very sick. The scorpion closely misses you.
The ball python bites you but does no damage.
The ball python constricts you. The scorpion closely misses you.
You furiously retaliate!
You headbutt the scorpion.
You kill the scorpion!
Okawaru accepts your kill.
The ball python bites you but does no damage.
The ball python constricts you.
Your Ranged Weapons skill increases to level 5!
You have reached level 5!
You shoot an arrow.
The arrow barely misses the ball python.
You feel sick. The ball python bites you. The ball python constricts you.
You shoot an arrow.
The arrow barely misses the ball python.
You feel very sick. The ball python barely misses you. You furiously retaliate!
You headbutt the ball python, but do no damage.
The ball python constricts you.
A hobgoblin opens the door.
The ball python bites you but does no damage.
The ball python constricts you.
You shoot an arrow.
The arrow barely misses the ball python.
You feel sick.
The ball python bites you but does no damage.
The ball python constricts you.
The ball python bites you but does no damage.
The ball python constricts you.
You shoot an arrow. The arrow hits the ball python.
You kill the ball python!
Okawaru accepts your kill.
You feel sick.
2451 ||| FLEEEEING.
Found 6 boomerangs.
You feel sick.
2452 ||| FLEEEEING.
You feel sick.
2453 ||| FLEEEEING.
You die...

... ... #
...... .#
##.#.##.#
......
######)#.###
#..........#
#.#........#
#.#...g....#
#.#@.......#
#.####.#.###
#. ..#'# #.
#.... ..
......
.(.### .#


You could see a hobgoblin.

Vanquished Creatures
  A scorpion (D:4)
  An adder (D:3)
  A worm (D:2)
  3 dart slugs
  8 orcs
  6 ball pythons
  4 bats
  3 endoplasms
  4 giant cockroaches
  7 hobgoblins
  3 jackals (D:1)
  A quokka (D:3)
  2 frilled lizards
  8 goblins
  2 kobolds
  3 rats (D:1)
57 creatures vanquished.

Notes
Turn   | Place    | Note
-------+----------+-------------------------------------------
     0 | D:1      | qw the Minotaur Hexslinger began the quest for the Orb.
     0 | D:1      | Reached XP level 1. HP: 16/16 MP: 1/1
     0 | D:1      | 0 ||| qw: Version: 0.3-a-46-gb1f654a
     0 | D:1      | 0 ||| qw: Game counter: 2953
     0 | D:1      | 0 ||| qw: Melee chars always use a shield: true
     0 | D:1      | 0 ||| qw: God list: Okawaru
     0 | D:1      | 0 ||| qw: Allow faded altars: false
     0 | D:1      | 0 ||| qw: Do Orc after clearing Dungeon:15 true
     0 | D:1      | 0 ||| qw: Do second Lair branch before Depths: true
     0 | D:1      | 0 ||| qw: Lair rune preference: random
     0 | D:1      | 0 ||| qw: Goals: Normal
     0 | D:1      | 0 ||| PLANNING D:1-11
    75 | D:1      | Reached skill level 3 in Ranged Weapons
    78 | D:1      | Reached XP level 2. HP: 23/23 MP: 2/2
   178 | D:1      | Found Desmaw's Magic Scroll Emporium.
   185 | D:1      | 185 ||| SHOPLISTING scroll of enchant armour (75 gold, have
                  | 23).
   185 | D:1      | 185 ||| BUYING scroll of identify (20 gold).
   185 | D:1      | Bought a scroll of identify for 20 gold pieces
   185 | D:1      | 185 ||| SHOPLISTING scroll of identify (20 gold, have 3).
   240 | D:1      | Found Zuos's Weapon Boutique.
   506 | D:1      | Found Noam Luc's General Store.
   520 | D:1      | 520 ||| BUYING +0 pair of gloves (45 gold).
   520 | D:1      | Bought a +0 pair of gloves for 45 gold pieces
   887 | D:1      | 887 ||| UPGRADING to +0 pair of gloves.
   892 | D:1      | 892 ||| DROPPING ring of wizardry.
   893 | D:1      | 893 ||| UPGRADING to ring of willpower.
   894 | D:1      | 894 ||| READING scroll labelled KAITSOR ISCHEURHOHU.
   895 | D:1      | 895 ||| READING scroll labelled BAKEGEW LOENG.
   896 | D:1      | 896 ||| READING scroll labelled VYRETR CAHIKUNAOFF.
   897 | D:1      | 897 ||| READING scroll labelled USOC WYBLURPH.
   898 | D:1      | 898 ||| DRINKING 2 glowing clear potions.
   898 | D:1      | Gained mutation: You are robust. (+10% HP) [potion of
                  | mutation]
   898 | D:1      | Gained mutation: You have large cloven feet. [potion of
                  | mutation]
   903 | D:1      | 903 ||| READING 5 scrolls of identify.
   903 | D:1      | 903 ||| IDENTIFYING bubbling silvery potion
   904 | D:1      | 904 ||| DROPPING scroll of poison.
   905 | D:1      | 905 ||| DROPPING potion of degeneration.
   959 | D:2      | Reached XP level 3. HP: 31/31 MP: 3/3
  1498 | D:2      | Reached skill level 4 in Ranged Weapons
  1539 | D:2      | 1539 ||| UPGRADING to +0 cloak.
  1544 | D:2      | 1544 ||| UPGRADING to +0 ring mail.
  1554 | D:2      | 1554 ||| DROPPING +0 robe.
  1555 | D:2      | 1555 ||| UPGRADING to ring of poison resistance.
  1556 | D:2      | 1556 ||| READING scroll labelled BOGHUGETAN.
  1560 | D:2      | 1560 ||| READING 4 scrolls of identify.
  1560 | D:2      | 1560 ||| IDENTIFYING fuming inky potion
  1561 | D:2      | 1561 ||| READING 3 scrolls of identify.
  1561 | D:2      | 1561 ||| IDENTIFYING dark potion
  1562 | D:2      | 1562 ||| DROPPING potion of attraction.
  1661 | D:3      | Reached skill level 1 in Armour
  1912 | D:3      | Reached XP level 4. HP: 39/39 MP: 4/4
  1999 | D:3      | Found an iron altar of Okawaru.
  2000 | D:3      | 2000 ||| PLANNING OKAWARU WORSHIP
  2000 | D:3      | 2000 ||| UPGRADING to +4 ring of protection.
  2002 | D:3      | 2002 ||| READING scroll labelled ZIEL ANEWK.
  2006 | D:3      | Became a worshipper of Warmaster Okawaru
  2007 | D:3      | 2007 ||| PLANNING D:1-11
  2400 | D:3      | 2400 ||| SWAPPING to +0 orcbow.
  2401 | D:3      | 2401 ||| DROPPING +2 sling.
  2433 | D:4      | Noticed a scorpion
  2446 | D:4      | HP: 9/39 [poisoned by a scorpion]
  2446 | D:4      | Killed a scorpion
  2447 | D:4      | Reached skill level 5 in Ranged Weapons
  2447 | D:4      | Reached XP level 5. HP: 11/45 MP: 5/5
  2448 | D:4      | HP: 3/45 [poisoned by a scorpion]
  2451 | D:4      | 2451 ||| FLEEEEING.
  2451 | D:4      | HP: 1/45 [poisoned by a scorpion]
  2452 | D:4      | 2452 ||| FLEEEEING.
  2453 | D:4      | 2453 ||| FLEEEEING.
  2453 | D:4      | Succumbed to a scorpion's poison

Levels and vault maps discovered:
D:1:      minmay_arrival_four_loops, layout_loops_corners, serial_shops, shop,
          nicolae_shop_tiny_real_fake_doors, shop
D:2:      layout_loops_ring, minmay_misc_feat_secret_circle
D:3:      minmay_general_purpose_star, layout_basic, overflow_temple_1_default
D:4:      layout_basic, lemuel_doored_altar, uniq_eustachio, uniq_sigmund,
          uniq_grinder

Skill      XL: |  1  2  3  4 |
---------------+-------------+-----
Ranged Weapons | 3 4 5 |  5.4
Fighting       | 2 |  2.1
Armour         | 1 |  1.0
Dodging        | |  2.1
Spellcasting   | |  1.0
Hexes          | |  2.0

Action                     |  1- 3 |  4- 6 || total
---------------------------+-------+-------++-------
   Fire: Sling             |   132 |    20 ||   152
         Orcbow            |       |    17 ||    17
    Use: Scroll            |     8 |     1 ||     9
         Potion            |     1 |       ||     1
 Armour: Robe              |    11 |       ||    11
         Ring mail         |     6 |    17 ||    23
  Dodge: Dodged            |    36 |    11 ||    47

Table legend:
 A = Non-vault XP
 B = Vault XP
 C = Vault XP percentage of total XP
 D = Non-vault monster count
 E = Vault monster count
 F = Vault count percentage of total count
                 A         B        C        D         E       F
            +---------+---------+-------+---------+---------+-------
      Total |     198 |      12 |   5.7 |      52 |       5 |   8.8
            +---------+---------+-------+---------+---------+-------
        D:1 |      36 |       0 |   0.0 |      19 |       0 |   0.0
        D:2 |      28 |       0 |   0.0 |      14 |       0 |   0.0
        D:3 |      47 |      12 |  20.3 |      15 |       5 |  25.0
        D:4 |      87 |       0 |   0.0 |       4 |       0 |   0.0
            +---------+---------+-------+---------+---------+-------
